 Dungeon Crawl Stone Soup version 0.28-a0-863-g8cecda6153 (webtiles) character file.

Game seed: 7440226622548424406

4042 pokeman the Thaumaturge (level 10, -4/56 HPs)
             Began as a Deep Elf Hedge Wizard on Nov 20, 2021.
             Was an Initiate of Vehumet.
             Slain by a polar bear (24 damage)
             ... on level 8 of the Dungeon.
             The game lasted 00:31:44 (12002 turns).

pokeman the Thaumaturge (Deep Elf Hedge Wizard)    Turns: 12002, Time: 00:31:45

Health: -4/56      AC:  7    Str:  7    XL:     10   Next: 4%
Magic:  14/28      EV: 12    Int: 23    God:    Vehumet [......]
Gold:   358        SH:  5    Dex: 14    Spells: 23/34 levels left

rFire   + . .      SeeInvis .   f - staff of air
rCold   . . .      Faith    .   (no shield)
rNeg    . . .      Spirit   .   l - +0 leather armour
rPois   +          Reflect  +   y - +0 helmet
rElec   +          Harm     .   q - +0 cloak
rCorr   .          Rampage  .   (no gloves)
Will    +....                   J - +1 pair of boots
Stlth   ++........              i - amulet of reflection
HPRegen 0.18/turn               t - ring of poison resistance
MPRegen 0.21/turn               x - ring of protection from fire

@: no status effects
A: no striking features
a: Renounce Religion


You were on level 8 of the Dungeon.
You worshipped Vehumet.
Vehumet was noncommittal.
You visited 2 branches of the dungeon, and saw 9 of its levels.
You also visited: Sewer.

You collected 358 gold pieces.

Inventory:

Hand Weapons
 p - a +3 quarterstaff of chaos
 B - a +0 shortbow
Missiles
 a - 30 bolts
 z - 67 arrows
Armour
 l - a +0 leather armour (worn)
 q - a +0 cloak (worn)
 u - a +0 buckler
 y - a +0 helmet (worn)
 J - a +1 pair of boots (worn)
Magical Staves
 f - a staff of air (weapon)
Jewellery
 i - an amulet of reflection (around neck)
 t - a ring of poison resistance (left hand)
 x - a ring of protection from fire (right hand)
 C - a ring of willpower
 D - an amulet of magic regeneration
Wands
 m - a wand of paralysis (9)
 v - a wand of acid (2)
 A - a wand of iceblast (7)
 F - a wand of mindburst (9)
Scrolls
 b - a scroll of brand weapon {unknown}
 g - 4 scrolls of blinking {unknown}
 h - a scroll of amnesia {unknown}
 n - 4 scrolls of identify {unknown}
 o - a scroll of enchant weapon {unknown}
 E - a scroll of teleportation {unknown}
 G - 3 scrolls of enchant armour {unknown}
Potions
 c - 2 potions of resistance {unknown}
 d - 2 potions of lignification {unknown}
 e - a potion of attraction {unknown}
 j - 3 potions of curing
 k - 2 potions of might {unknown}
 s - a potion of berserk rage
 w - 2 potions of heal wounds {unknown}
 H - a potion of ambrosia {unknown}
 I - a potion of flight {unknown}


   Skills:
 - Level 3.0 Fighting
 - Level 3.0 Armour
 - Level 3.0 Dodging
 - Level 3.0 Stealth
 + Level 2.0 Shields
 * Level 12.7 Spellcasting
 + Level 7.1 Conjurations
 - Level 1.1 Summonings
 - Level 1.1 Translocations
 + Level 6.3 Fire Magic
 - Level 1.0 Air Magic
 - Level 1.0 Poison Magic
 - Level 1.0 Evocations


You had 23 spell levels left.
You knew the following spells:

 Your Spells              Type           Power      Damage    Failure   Level
a - Magic Dart            Conj           100%       1d8       1%          1
b - Mephitic Cloud        Conj/Pois/Air  43%        N/A       5%          3
c - Call Imp              Summ           19%        N/A       6%          2
d - Blink                 Tloc           38%        N/A       6%          2
e - Conjure Flame         Conj/Fire      45%        6-21      1%          3

Your spell library contained the following spells:

 Spells                   Type           Power      Damage    Failure   Level
 Slow                     Hex            56%        N/A       6%          1
 Passwall                 Tmut/Erth      11%        N/A       10%         2
 Swiftness                Air            29%        N/A       12%         3
 Hailstorm                Conj/Ice       30%        3d8       14%         4
 Ice Form                 Ice/Tmut       14%        N/A       52%         4
 Simulacrum               Ice/Necr       7%         N/A       100%        6


Dungeon Overview and Level Annotations

Branches:
Dungeon (8/15)             Temple (1/1) D:7           Sewer (visited)
   Lair: D:8-11

Altars:
Cheibriados
Dithmenos
Elyvilon
Qazlal
Ru
Sif Muna
Trog
Vehumet

Shops:
D:1 (   D:5 =

Annotations:
D:4 1 runed translucent door


Message History

The polar bear bites you!
The polar bear claws you but does no damage.
The polar bear claws you.
You hit the polar bear but do no damage.
The polar bear is moderately wounded.
The orc hits you but does no damage.
The polar bear is engulfed in blazing flames.
The polar bear goes berserk!
The polar bear is engulfed in blazing flames.
The polar bear misses you. The polar bear closely misses you.
The polar bear claws you but does no damage.
Unknown command.
You barely miss the polar bear.
The polar bear is severely wounded.
The polar bear is engulfed in blazing flames.
The polar bear completely misses you.
The polar bear claws you but does no damage.
The polar bear claws you. The orc closely misses you.
The polar bear is engulfed in blazing flames.
The polar bear misses you. The polar bear barely misses you.
The polar bear claws you but does no damage.
The polar bear is engulfed in blazing flames.
You kill the polar bear!
Vehumet accepts your kill.
Your Armour skill increases to level 3!
You have reached level 10!
Unknown command.
Casting: Conjure Flame (safe; 1% risk of failure)
Confirm with . or Enter, or press ? or * to list all spells.
Aiming: Mephitic Cloud (dangerous; 5% risk of failure)
Press: ? - help, Shift-Dir - straight line, f - orc
Aim: an orc, wielding a +0 short sword and wearing a +0 leather armour (chance to affect: 96%)
You feel a surge of power!
The ball explodes into a vile cloud!
The stinking cloud engulfs the orc but does no damage.
The stinking cloud engulfs the polar bear but does no damage.
The polar bear is severely wounded.
The stinking cloud engulfs the orc but does no damage. x2
The polar bear is engulfed in blazing flames.
The polar bear bites you!!
You die...

#..........#
#........#
##........##
#.....<....#
#..........#
###..........#
..............##
###............#
##......@..#.#
######h§###...
#.....○oo.###.
#.....☼o.o....
##............#
#.......>....#
#............#####
#................#
#..........#.o...#


You could see a polar bear (berserk) and 4 orcs.

Vanquished Creatures
  A polar bear (D:8)
  A wyvern (D:7)
  The ghost of horus123 the Shield-Bearer, an amateur DsAK of Lugonu (D:4)
  Menkaure (D:7)
  4 water moccasins
  An acid dragon (D:8)
  3 ice beasts
  A black bear (D:5)
  2 sky beasts (D:6)
  2 necrophages (D:6)
  An ogre (D:6)
  2 centaurs
  A phantom (D:5)
  2 kobold brigands (D:5)
  2 bullfrogs
  5 scorpions
  A water moccasin zombie (D:7)
  A wight (D:6)
  5 howler monkeys
  The ghost of axecop the Ducker, a weakling SpAK of Lugonu (D:3)
  A bullfrog zombie (D:5)
  3 hounds
  A jelly (D:6)
  2 gnoll shamans
  An orc priest (D:4)
  A centaur skeleton (D:6)
  Crazy Yiuf (D:3)
  A bullfrog skeleton (D:6)
  Ijyb (D:3)
  Natasha (twice) (D:3)
  4 iguanas
  A killer bee zombie (D:7)
  A killer bee simulacrum (D:8)
  Robin (D:4)
  15 gnolls
  A howler monkey skeleton (D:4)
  2 river rats (D:4)
  14 adders
  An adder skeleton (D:5)
  3 worms (D:2)
  6 dart slugs
  6 orcs
  7 endoplasms
  5 giant cockroaches
  14 goblins
  6 hobgoblins
  2 jackals (D:1)
  5 quokkas
  9 ball pythons
  10 bats
  4 frilled lizards
  10 kobolds
  8 rats
187 creatures vanquished.

Vanquished Creatures (collateral kills)
  Natasha (D:3)
  An adder (D:4)
2 creatures vanquished.

Vanquished Creatures (others)
  30 plants (D:3)
30 creatures vanquished.

Grand Total: 219 creatures vanquished

Notes
Turn   | Place    | Note
-------+----------+-------------------------------------------
     0 | D:1      | pokeman the Deep Elf Hedge Wizard began the quest for the
                  | Orb.
     0 | D:1      | Reached XP level 1. HP: 10/10 MP: 7/7
   245 | D:1      | Reached XP level 2. HP: 15/15 MP: 4/9
   556 | D:1      | Found Mano's Antique Weapon Shoppe.
   737 | D:1      | Reached skill level 5 in Spellcasting
  1301 | D:2      | Reached XP level 3. HP: 20/20 MP: 6/11
  1305 | D:2      | Learned a level 3 spell: Mephitic Cloud
  1308 | D:2      | Learned a level 2 spell: Call Imp
  1311 | D:2      | Learned a level 2 spell: Blink
  1315 | D:2      | Learned a level 3 spell: Conjure Flame
  1623 | D:2      | Reached skill level 1 in Fighting
  1797 | D:2      | Reached skill level 1 in Armour
  2111 | D:2      | Reached XP level 4. HP: 25/25 MP: 3/13
  2394 | D:3      | Reached skill level 1 in Fire Magic
  2702 | D:3      | Noticed Natasha
  2716 | D:3      | Killed Natasha
  2717 | D:3      | Reached skill level 6 in Spellcasting
  2717 | D:3      | Reached XP level 5. HP: 29/29 MP: 8/15
  2769 | D:3      | Found a runed translucent door.
  2807 | D:3      | Noticed axecop's ghost (weakling SpAK)
  2835 | D:3      | Found a shimmering blue altar of Sif Muna.
  3086 | D:3      | Noticed Ijyb
  3107 | D:3      | Paralysed by Ijyb for 6 turns
  3108 | D:3      | Killed Ijyb
  3246 | D:3      | Noticed Natasha
  3251 | D:3      | Killed Natasha
  3252 | D:3      | Reached skill level 1 in Air Magic
  3257 | D:3      | Noticed Natasha
  3750 | D:3      | Killed Natasha
  3851 | D:3      | Reached XP level 6. HP: 34/34 MP: 11/17
  4136 | D:3      | Found a runed translucent door.
  4137 | D:3      | Noticed Crazy Yiuf
  4513 | D:3      | Killed axecop's ghost
  4514 | D:3      | Reached skill level 1 in Poison Magic
  4643 | D:3      | Killed Crazy Yiuf
  4644 | D:3      | Reached skill level 7 in Spellcasting
  4644 | D:3      | Reached skill level 1 in Evocations
  4918 | D:4      | Found a glowing drain.
  4958 | Sewer    | Entered a sewer
  5042 | Sewer    | Noticed a water moccasin
  5052 | Sewer    | Killed a water moccasin
  5371 | D:4      | Reached XP level 7. HP: 38/38 MP: 15/20
  5594 | D:4      | Noticed Robin
  5606 | D:4      | Killed Robin
  5909 | D:4      | Found a runed translucent door.
  5914 | D:4      | Noticed horus123's ghost (amateur DsAK)
  5998 | D:4      | Found a runed translucent door.
  6496 | D:4      | Killed horus123's ghost
  6497 | D:4      | Reached skill level 1 in Shields
  6497 | D:4      | Reached skill level 8 in Spellcasting
  6584 | D:5      | Entered Level 5 of the Dungeon
  6640 | D:5      | Found Dyatisem's Jewellery Boutique.
  6981 | D:5      | Reached XP level 8. HP: 12/43 MP: 10/22
  7301 | D:5      | Reached skill level 9 in Spellcasting
  7736 | D:5      | Reached skill level 5 in Conjurations
  7892 | D:5      | Reached skill level 10 in Spellcasting
  8747 | D:6      | Reached XP level 9. HP: 40/48 MP: 11/25
  9163 | D:6      | Reached skill level 5 in Fire Magic
  9181 | D:6      | Reached skill level 11 in Spellcasting
 10775 | D:7      | Found a staircase to the Ecumenical Temple.
 10787 | Temple   | Entered the Ecumenical Temple
 10794 | Temple   | Became a worshipper of Vehumet
 10855 | D:7      | Reached skill level 12 in Spellcasting
 11006 | D:7      | Noticed Menkaure
 11012 | D:7      | Killed Menkaure
 11828 | D:8      | Noticed a polar bear
 11838 | D:8      | Noticed a polar bear
 12001 | D:8      | Killed a polar bear
 12002 | D:8      | Reached XP level 10. HP: 20/56 MP: 17/28
 12002 | D:8      | Slain by a polar bear

Illustrated notes

Levels and vault maps discovered:
D:1:      wheals_arrival_linesprint, layout_rooms, serial_shops,
          nicolae_shop_overgrown_old_shop, grunt_decor_arrowhead,
          minmay_misc_feat_five
D:2:      layout_basic
D:3:      layout_basic, mainiacjoe_overflow_cross_hatched,
          ebering_ghost_sewer_d, minmay_statues_item, kennysheep_boxes,
          uniq_ijyb, uniq_natasha, uniq_crazy_yiuf_cottage
D:4:      layout_loops_corners, ebering_ghost_sewer_f, gup_sewer_entry_bubbles,
          uniq_robin
D:5:      cheibrodos_thug_alley, layout_basic, minmay_shop_enchanted_jewellery
D:6:      layout_gridville, minmay_increasing_density
D:7:      layout_cave_pods, minmay_temple_entry_waves, uniq_menkaure
D:8:      layout_rooms, serial_ice, serial_ice_i, serial_ice_n, serial_ice_o,
          serial_ice_d, serial_ice_e, serial_ice_a, uniq_harold
Temple:   nicolae_temple_the_god_donut

Skill      XL: |  1  2  3  4  5  6  7  8  9 |
---------------+----------------------------+-----
Spellcasting   | 5 6 7 8 10 12 | 12.7
Fighting       | 1 2 3 |  3.0
Armour         | 1 2 3 |  3.0
Conjurations   | 2 3 4 5 7 |  7.1
Fire Magic     | 1 3 4 6 |  6.3
Dodging        | 3 |  3.0
Air Magic      | 1 |  1.0
Stealth        | 3 |  3.0
Poison Magic   | 1 |  1.0
Evocations     | 1 |  1.0
Shields        | 1 2 |  2.0
Summonings     | |  1.1
Translocations | |  1.1

Action                   |  1- 3 |  4- 6 |  7- 9 | 10-12 || total
-------------------------+-------+-------+-------+-------++-------
Melee: Staff             |    10 |    39 |    77 |       ||   126
 Cast: Magic Dart        |   105 |   136 |   379 |       ||   620
       Mephitic Cloud    |     2 |    14 |    24 |     1 ||    41
       Conjure Flame     |     2 |     8 |    27 |       ||    37
       Call Imp          |     1 |     4 |     3 |       ||     8
       Blink             |       |       |     4 |       ||     4
Evoke: Wand              |       |       |     1 |       ||     1
 Stab: Confused          |       |     7 |     7 |       ||    14
Armor: Robe              |     2 |       |       |       ||     2
       Leather armour    |       |     7 |    46 |       ||    53
Dodge: Dodged            |    11 |    28 |   121 |       ||   160
Block: Other             |     1 |     7 |    39 |       ||    47
       Reflection        |     1 |       |       |       ||     1

Table legend: (Time is in decaauts)
 A = Elapsed time spent in this place.
 B = Non-inter-level travel time spent in this place.
 C = Inter-level travel time spent in this place.
 D = Time resting spent in this place.
 E = Time spent auto-exploring this place.
 F = Levels seen in this place.
 G = Mean time per level.
                   A        B        C        D        E       F      G
               +--------+--------+--------+--------+--------+-----+--------+
         Total |  12074 |  11646 |    428 |   1068 |   8458 |  10 | 1207.4 |
       Dungeon |  11896 |  11468 |    428 |   1068 |   8348 |   8 | 1487.0 |
        Temple |     12 |     12 |      0 |      0 |      0 |   1 |   12.0 |
         Sewer |    165 |    165 |      0 |      0 |    110 |   1 |  165.0 |
               +--------+--------+--------+--------+--------+-----+--------+

Top non-repeatable levels by time:
     D:6: 2215 daAuts
     D:3: 1852 daAuts
     D:4: 1815 daAuts
     D:2: 1705 daAuts
     D:5: 1656 daAuts
     D:7: 1369 daAuts
     D:1: 1231 daAuts
   Sewer: 165 daAuts
     D:8: 51 daAuts
  Temple: 12 daAuts
